 Dungeon Crawl Stone Soup version 0.29-a0-557-g43b9904bd1 (webtiles) character file.

Game seed: 2341095436705869776

0 Seig the Conjurer (level 1, 0/13 HPs)
             Began as a Human Conjurer on June 8, 2022.
             Slain by a kobold
             ... wielding a +0 short sword
              (4 damage)
             ... on level 1 of the Dungeon.
             The game lasted 00:04:02 (125 turns).

Seig the Conjurer (Human Conjurer)                   Turns: 125, Time: 00:04:03

Health: 0/13       AC:  2    Str:  7    XL:     1   Next: 0%
Magic:  3/3        EV: 12    Int: 18    God:
Gold:   19         SH:  0    Dex: 11    Spells: 3/4 levels left

rFire   . . .      SeeInvis .   c - +0 hunting sling
rCold   . . .      Faith    .   (no shield)
rNeg    . . .      Spirit   .   a - +0 robe
rPois   .          Reflect  .   (no helmet)
rElec   .          Harm     .   (no cloak)
rCorr   .          Rampage  .   (no gloves)
Will    .....                   (no boots)
Stlth   ++........              (no amulet)
HPRegen 0.04/turn               (no ring)
MPRegen 0.08/turn               (no ring)

@: no status effects
A: no striking features
a: no special abilities


You were on level 1 of the Dungeon.
You visited 1 branch of the dungeon, and saw 1 of its levels.

You collected 19 gold pieces.

Inventory:

Hand Weapons
 c - a +0 hunting sling (weapon)
Missiles
 d - 25 stones
Armour
 a - a +0 robe (worn)
Scrolls
 e - a scroll of amnesia {unknown}
Potions
 b - 2 potions of magic


   Skills:
 + Level 2.0 Dodging
 + Level 2.0 Stealth
 + Level 2.0 Spellcasting
 + Level 4.0 Conjurations


You had 3 spell levels left.
You knew the following spells:

 Your Spells              Type           Power      Damage    Failure   Level
a - Magic Dart            Conj           64%        1d6       3%          1

Your spell library contained the following spells:

 Spells                   Type           Power      Damage    Failure   Level
 Searing Ray              Conj           32%        2d5       5%          2
 Dazzling Flash           Conj/Hex       18%        N/A       24%         3
 Fulminant Prism          Conj/Hex       4%         3d6       61%         4
 Iskenderun's Mystic Bla  Conj/Tloc      9%         2d4       61%         4


Dungeon Overview and Level Annotations

Branches:
Dungeon (1/15)

Altars:


Message History

Found 15 gold pieces.
The kobold throws a stone.
The stone closely misses you.
Found a stone staircase leading down.
There is a stone staircase leading down here.
The kobold throws a stone.
The stone hits you but does no damage.
A kobold is nearby!
Fire: c) +0 hunting sling
Press: ? - help, Q - select action, (/) - cycle Shift-Dir - straight line, f - kobold
Aim: a kobold, wielding a +0 short sword and quivering stones (40% to hit)
You shoot a sling bullet. The sling bullet hits the kobold.
The kobold is severely wounded.
Fire: c) +0 hunting sling
Press: ? - help, Q - select action, (/) - cycle Shift-Dir - straight line, f/p - kobold
Aim: a kobold, wielding a +0 short sword and quivering stones (severely wounded, 40% to hit)
You shoot a sling bullet.
The sling bullet barely misses the kobold.
The kobold throws a stone.
The stone barely misses you.
The kobold throws a stone.
The stone closely misses you.
Fire: c) +0 hunting sling
Press: ? - help, Q - select action, (/) - cycle Shift-Dir - straight line, f/p - kobold
Aim: a kobold, wielding a +0 short sword and quivering stones (severely wounded, 40% to hit)
You shoot a sling bullet.
The sling bullet closely misses the kobold.
Fire: c) +0 hunting sling
Press: ? - help, Q - select action, (/) - cycle Shift-Dir - straight line, f/p - kobold
Aim: a kobold, wielding a +0 short sword and quivering stones (severely wounded, 40% to hit)
You shoot a sling bullet.
The sling bullet closely misses the kobold.
The kobold closely misses you. The kobold attacks as you move away!
The kobold barely misses you.
The kobold throws a stone.
The stone barely misses you. The kobold barely misses you.
You closely miss the kobold.
The kobold is severely wounded.
The kobold hits you with a +0 short sword.
You clumsily bash the kobold but do no damage.
The kobold is heavily wounded.
The kobold hits you but does no damage.
The kobold hits you with a +0 short sword.
You die...

... ... ##### .... ...... .....
#......
#$..############.........
.###....>.....K@..........
........###########..####.
..##..!..# ####.####..######
.........# #................
...#....K#######....P#≈#P.....P#
............K....#.P##≈##P...P##
..............?.....≈≈≈≈≈..<..≈≈
..###.#....#.......P##≈##P....##
.. #.#....#........P#≈#P.....P#


You could see a kobold.

Vanquished Creatures (others)
  A plant (D:1)
1 creature vanquished.

Notes
Turn   | Place    | Note
-------+----------+-------------------------------------------
     0 | D:1      | Seig the Human Conjurer began the quest for the Orb.
     0 | D:1      | Reached XP level 1. HP: 13/13 MP: 3/3
   125 | D:1      | Slain by a kobold

Illustrated notes

Levels and vault maps discovered:
D:1:      eino_arrival_water_cross, layout_rooms, supply_closet_lemuel

Action                   || total
-------------------------++-------
Melee: Hunting sling     ||     3
       Unarmed           ||     1
 Fire: Hunting sling     ||     4
  Use: Scroll            ||     1
Armor: Robe              ||     3
Dodge: Dodged            ||    12

Table legend: (Time is in decaauts)
 A = Elapsed time spent in this place.
 B = Non-inter-level travel time spent in this place.
 C = Inter-level travel time spent in this place.
 D = Time resting spent in this place.
 E = Time spent auto-exploring this place.
 F = Levels seen in this place.
 G = Mean time per level.
                   A        B        C        D        E       F      G
               +--------+--------+--------+--------+--------+-----+--------+
         Total |    127 |    127 |      0 |      0 |      0 |   1 |  127.0 |
       Dungeon |    127 |    127 |      0 |      0 |      0 |   1 |  127.0 |
               +--------+--------+--------+--------+--------+-----+--------+

Top non-repeatable levels by time:
     D:1: 127 daAuts
